 Dungeon Crawl Stone Soup version 0.19.5 (webtiles) character file.

8484 tidbits the Carver (level 11, -1/74 HPs)
             Began as a High Elf Wanderer on Nov 6, 2017.
             Was a Believer of Cheibriados.
             Slain by an ice devil (14 damage)
             ... summoned by an orc sorcerer
             ... on level 2 of the Orcish Mines.
             The game lasted 01:11:55 (5074 turns).

tidbits the Carver (High Elf Wanderer)              Turns: 5074, Time: 01:11:55

Health: -1/74      AC: 21    Str: 19    XL:     11   Next: 10%
Magic:  9/16       EV: 14    Int: 23    God:    Cheibriados [**....]
Gold:   762        SH: 11    Dex: 19    Spells: 0 memorised, 10 levels left

rFire  . . .     SeeInvis .     a - +3 long sword (protect)
rCold  . . .     Gourm    .     Y - +0 troll leather armour
rNeg   . . .     Faith    .     D - +0 shield
rPois  +         Spirit   .     (no helmet)
rElec  .         Reflect  .     C - +2 cloak {rPois}
rCorr  .         Harm     .     G - +1 pair of gloves
MR     ++...                    (no boots)
Stlth  ++........               (no amulet)
                                U - +3 ring of protection
                                H - ring of protection from magic

@: protection aura, drained, very slow
A: thin metallic scales 1, clever 1, clumsy 1
a: Bend Time, Renounce Religion


You were on level 2 of the Orcish Mines.
You worshipped Cheibriados.
Cheibriados was pleased with you.
You were hungry.

You visited 2 branches of the dungeon, and saw 15 of its levels.

You collected 762 gold pieces.

Inventory:

Hand Weapons
 a - a +3 long sword of protection (weapon)
   (You found it on level 2 of the Dungeon)
 b - a +0 hand crossbow
 g - a +0 shortbow
   (You took it off a centaur on level 5 of the Dungeon)
 p - a +0 hunting sling
   (You took it off a goblin on level 2 of the Dungeon)
 u - a +2 short sword
 I - a +0 dagger
   (You took it off an orc sorcerer on level 1 of the Orcish Mines)
 N - a +3 hand axe
   (You found it on level 7 of the Dungeon)
 W - a +0 long sword of slicing
   (You found it on level 10 of the Dungeon)
Missiles
 c - 59 bolts
 d - 9 tomahawks (quivered)
 h - 115 arrows
 k - 146 stones
 n - a throwing net {!f}
 t - 45 sling bullets
 X - 6 needles of confusion
 Z - 7 javelins
Armour
 v - a +2 ring mail of fire resistance
   (You took it off an orc on level 3 of the Dungeon)
 B - the +3 ring mail of Unreason {Int+3 Dex+3}
   (You found it on level 4 of the Dungeon)

   It affects your intelligence (+3).
   It affects your dexterity (+3).
 C - a +2 cloak of poison resistance (worn)
   (You took it off Crazy Yiuf on level 7 of the Dungeon)
 D - a +0 shield (worn)
   (You found it on level 7 of the Dungeon)
 G - a +1 pair of gloves (worn)
   (You found it on level 2 of the Dungeon)
 Y - a +0 troll leather armour (worn)
   (You found it on level 11 of the Dungeon)
Magical Staves
 O - an uncursed staff of poison
   (You found it on level 7 of the Dungeon)
 R - an uncursed staff of air
   (You found it on level 8 of the Dungeon)
Jewellery
 E - the ring "Russe" {rPois rF- rN+ Int+2}
   (You found it on level 9 of the Dungeon)

   [ring of poison resistance]

   It affects your intelligence (+2).
   It makes you vulnerable to fire.
   It protects you from poison.
   It protects you from negative energy.
 H - a ring of protection from magic (left hand)
   (You found it on level 7 of the Dungeon)
 U - a +3 ring of protection (right hand)
   (You found it on level 1 of the Dungeon)
Wands
 l - a wand of paralysis (0/24)
   (You found it on level 12 of the Dungeon)
 x - a wand of random effects (17/48)
   (You found it on level 5 of the Dungeon)
 S - a wand of acid (0/15)
   (You found it on level 8 of the Dungeon)
Scrolls
 j - a scroll of enchant weapon
 q - a scroll of teleportation
 r - 3 scrolls of remove curse
 y - 3 scrolls of blinking
 z - 2 scrolls of random uselessness {unknown}
 F - a scroll of vulnerability {unknown}
 K - a scroll of noise
 P - a scroll of fog {unknown}
 T - a scroll of fear {unknown}
 V - a scroll of immolation {unknown}
Potions
 m - 2 potions of brilliance
 o - a potion of haste
 J - a potion of flight
Books
 M - Gaoqoc's Papyrus of Entrancing Transmutation
   (You found it on level 8 of the Dungeon)

   Spells                             Type                      Level
   a - Corona                         Hexes                        1
   b - Cause Fear                     Hexes                        4
   c - Ice Form                       Ice/Transmutation            4
   d - Petrify                        Transmutation/Earth          4
   e - Metabolic Englaciation         Hexes/Ice                    5
Comestibles
 f - 8 bread rations
 i - 6 meat rations
 s - 7 beef jerkies


   Skills:
 + Level 6.5(6.0) Fighting
 - Level 1.2(6.4) Short Blades
 + Level 10.7(10.2) Long Blades
   Level 1.0(0.5) Maces & Flails
 - Level 1.7(1.3) Armour
 + Level 6.1(5.6) Dodging
 - Level 1.1(0.6) Stealth
 + Level 8.1(7.6) Shields
 - Level 6.6(6.1) Invocations
 - Level 6.0(5.5) Evocations


You had 10 spell levels left.
You didn't know any spells.

Dungeon Overview and Level Annotations

Branches:
Dungeon (13/15)               Orc (2/2) D:12            Elf (0/3) Orc:2
 Temple: D:4-7         Lair: D:8-11      Vaults: D:13-14

Altars:
Cheibriados
Kikubaaqudgha
Nemelex Xobeh
Ru
Sif Muna
Vehumet
Yredelemnul

Shops:
D:11 *

Annotations:
D:4 tidbits's ghost, amateur HEWn
D:11 exclusion: downstairs, Psyche
D:12 exclusion: oklob plant


Innate Abilities, Weirdness & Mutations

You are partially covered in thin metallic scales. (AC +2)
Your mind is acute. (Int +2)
You are clumsy. (Dex -2)


Message History

Cheibriados rebukes the orc warrior.
The orc warrior seems to slow down.
You feel slightly more hungry. The orc warrior completely misses you.
You riposte.
You hit the orc warrior.
The orc warrior is lightly wounded.
You slice the orc priest!!
You kill the orc priest!
Cheibriados appreciates the change of pace.
The orc sorcerer points at you and mumbles some strange words.
The bolt of negative energy hits you!
You feel drained.
* * * LOW HITPOINT WARNING * * *
Okay, then.
An orc wizard comes into view. It is wielding a dagger.
You block the orc warrior's attack.
You closely miss the orc warrior.
The orc warrior is lightly wounded.
You block the orc warrior's attack.
You slash the orc warrior!
The orc warrior is heavily wounded.
The orc sorcerer gestures wildly while chanting.
You slash the orc warrior!
The orc warrior is almost dead.
You block the orc wizard's attack. The flow of time bends around you.
Cheibriados rebukes the chaos spawn.
The chaos spawn seems to slow down.
Cheibriados rebukes the orc sorcerer.
The orc sorcerer seems to slow down.
Cheibriados rebukes the orc wizard.
The orc wizard seems to slow down.
You feel slightly more hungry. You block the chaos spawn's attack.
The orc wizard hits you with a dagger.
* * * LOW HITPOINT WARNING * * *
You block the orc warrior's attack.
You hit the orc sorcerer.
The orc sorcerer is lightly wounded.
The orc wizard barely misses you. You block the chaos spawn's attack.
Okay, then.
Evoke which item? (* to show all) (? for menu, Esc to quit)
Okay, then.
Unknown command.
You don't know any spells.
Okay, then.
Evoke which item? (* to show all) (? for menu, Esc to quit)
Okay, then.
Unknown command.
Okay, then.
You slash the orc sorcerer!
The orc sorcerer is moderately wounded.
The orc sorcerer gestures wildly while chanting.
The orc warrior closely misses you.
You hit the orc sorcerer.
The orc sorcerer is heavily wounded.
The orc wizard mumbles some strange words.
The orc wizard seems to speed up.
The chaos spawn gores you but does no damage.
You block the orc sorcerer's attack.
You hit the orc sorcerer.
The orc sorcerer is heavily wounded.
The ice devil hits you but does no damage.
The orc wizard hits you but does no damage.
The orc warrior hits you but does no damage.
You hit the orc sorcerer.
The orc sorcerer is severely wounded.
The orc sorcerer is no longer moving slowly.
The ice devil closely misses you.
The orc sorcerer hits you with a dagger.
* * * LOW HITPOINT WARNING * * *
You block the orc wizard's attack. You block the chaos spawn's attack.
You fail to use your ability.
The ice devil hits you.
* * * LOW HITPOINT WARNING * * *
The ice devil freezes you!
* * * LOW HITPOINT WARNING * * *
The orc wizard hits you but does no damage.
You block the orc sorcerer's attack. The orc warrior misses you.
You hit the orc sorcerer.
The orc sorcerer is almost dead.
The ice devil barely misses you. The chaos spawn misses you.
The orc wizard barely misses you.
You riposte.
You closely miss the orc wizard. The orc sorcerer barely misses you.
Okay, then.
You hit the orc sorcerer.
The orc sorcerer is almost dead.
You block the ice devil's attack.
The orc sorcerer points at you and mumbles some strange words.
You resist with almost no effort. The orc wizard misses you.
You block the orc warrior's attack. The chaos spawn completely misses you.
You riposte.
You closely miss the chaos spawn. You barely miss the orc sorcerer.
The orc sorcerer is almost dead.
The ice devil hits you but does no damage.
The orc sorcerer gestures at you while chanting.
You resist with almost no effort.
The orc wizard gestures wildly while chanting.
The orc wizard blinks!
You closely miss the orc sorcerer.
The orc sorcerer is almost dead.
The chaos spawn is no longer moving slowly.
The ice devil hits you.
* * * LOW HITPOINT WARNING * * *
The ice devil freezes you!
You die...

.............(...## ..
.............o....## ....
...............#...######oo(#
.................[...o...o...
.............................
...#.........o.##......#.....
...##.....o.oo####....o......
.......#.....)#4###.#........
....#.#......4oo@4###........
....###.......#.ยง..###....#..
.....#....##.####.## .......
....##...##### ##.## .#.##..
.....##.## #...# #### #
.....#### ##.## .##.## ###
#.### ..


You could see an ice devil, a rust devil, a chaos spawn, an orc sorcerer, an orc
warrior and an orc wizard.

Vanquished Creatures
  Urug (Orc:1)
  Nergalle (D:11)
  A hill giant (D:11)
  2 orc sorcerers
  A gargoyle (D:8)
  4 trolls
  A two-headed ogre (D:11)
  Eustachio (D:5)
  2 ice beasts
  7 orc warriors
  A phantom (D:9)
  2 black bears
  2 sky beasts
  6 ogres
  2 centaurs
  2 crocodiles
  2 big kobolds
  7 bullfrogs
  2 scorpions
  A wyvern skeleton (D:11)
  12 killer bees
  A bullfrog zombie (D:9)
  3 howler monkeys
  6 hounds
  2 jellies
  Crazy Yiuf (D:7)
  9 orc priests (Orc:2)
  6 orc wizards
  3 iguanas
  6 worker ants
  A killer bee zombie (D:5)
  A hound skeleton (D:7)
  3 gnolls (D:5)
  7 adders
  3 shadow imps
  7 worms
  A dart slug (D:4)
  5 leopard geckos
  26 orcs
  4 ball pythons
  5 bats
  5 giant cockroaches
  3 goblins
  6 hobgoblins
  16 jackals
  17 kobolds
  4 quokkas
  A frilled lizard (D:2)
  A leopard gecko zombie (D:5)
  A quokka skeleton (D:6)
  4 rats
218 creatures vanquished.

Notes
Turn   | Place    | Note
-------+----------+-------------------------------------------
     0 | D:1      | tidbits the High Elf Wanderer began the quest for the Orb.
     0 | D:1      | tidbits set off with: a +2 short sword, a +0 hand crossbow, 22 bolts, a potion of lignification, a +0 robe, a bread ration
     0 | D:1      | Reached XP level 1. HP: 16/16 MP: 2/2
    53 | D:1      | Reached XP level 2. HP: 10/21 MP: 3/3
   144 | D:1      | Reached skill level 2 in Dodging
   482 | D:2      | Reached XP level 3. HP: 27/27 MP: 4/4
   505 | D:3      | Reached skill level 4 in Fighting
   787 | D:2      | Reached XP level 4. HP: 30/33 MP: 5/5
   806 | D:2      | Found a radiant altar of Vehumet.
   806 | D:2      | Found a deep blue altar of Sif Muna.
   808 | D:2      | Found a sacrificial altar of Ru.
   812 | D:2      | Found a basalt altar of Yredelemnul.
  1015 | D:4      | Reached skill level 1 in Long Blades
  1080 | D:4      | Got an ichor-stained ring mail
  1120 | D:4      | Identified the +3 ring mail of Unreason {Int+3 Dex+3} (You found it on level 4 of the Dungeon)
  1152 | D:4      | Reached skill level 2 in Long Blades
  1183 | D:5      | Entered Level 5 of the Dungeon
  1217 | D:5      | Reached skill level 3 in Long Blades
  1217 | D:5      | Reached XP level 5. HP: 31/37 MP: 6/6
  1249 | D:6      | Reached skill level 4 in Long Blades
  1293 | D:4      | Reached skill level 5 in Long Blades
  1293 | D:4      | Reached XP level 6. HP: 10/43 MP: 7/7
  1315 | D:4      | Noticed tidbits's ghost (amateur HEWn)
  1375 | D:3      | Found a faded altar of an unknown god.
  1646 | D:5      | Reached skill level 6 in Long Blades
  1678 | D:5      | Reached skill level 7 in Long Blades
  1753 | D:5      | Reached XP level 7. HP: 30/48 MP: 8/8
  1925 | D:5      | Found a sparkling altar of Nemelex Xobeh.
  1955 | D:6      | Found a snail-covered altar of Cheibriados.
  1955 | D:6      | Noticed Eustachio
  1976 | D:5      | Killed Eustachio
  1976 | D:5      | Reached skill level 8 in Long Blades
  2016 | D:6      | Became a worshipper of Cheibriados the Contemplative
  2066 | D:6      | Reached skill level 9 in Long Blades
  2210 | D:7      | Reached skill level 1 in Shields
  2210 | D:7      | Reached XP level 8. HP: 38/54 MP: 9/9
  2233 | D:7      | Reached skill level 2 in Shields
  2286 | D:7      | Reached skill level 3 in Shields
  2334 | D:8      | Noticed a troll
  2384 | D:7      | Found a runed door.
  2390 | D:7      | Noticed Crazy Yiuf
  2402 | D:7      | Killed Crazy Yiuf
  2456 | D:7      | Reached * piety under Cheibriados
  2536 | D:9      | Reached skill level 1 in Invocations
  2576 | D:8      | Reached skill level 4 in Shields
  2607 | D:8      | Reached skill level 2 in Invocations
  2677 | D:8      | Reached skill level 3 in Invocations
  2723 | D:8      | Identified Gaoqoc's Papyrus of Entrancing Transmutation
  2747 | D:8      | Noticed a gargoyle
  2776 | D:8      | Gained mutation: Your mind is acute. (Int +2) [potion of mutation]
  2776 | D:8      | Gained mutation: You are clumsy. (Dex -2) [potion of mutation]
  2776 | D:8      | Gained mutation: You are partially covered in thin metallic scales. (AC +2) [potion of mutation]
  2788 | D:8      | Killed a gargoyle
  2788 | D:8      | Reached skill level 5 in Shields
  2788 | D:8      | Reached skill level 4 in Invocations
  2832 | D:7      | Reached XP level 9. HP: 18/58 MP: 13/13
  2884 | D:7      | Reached skill level 5 in Invocations
  3048 | D:10     | Entered Level 10 of the Dungeon
  3204 | D:10     | Reached skill level 6 in Shields
  3368 | D:9      | Reached skill level 6 in Invocations
  3432 | D:9      | Got a brightly glowing lapis lazuli ring
  3434 | D:9      | Identified the ring "Russe" {rPois rF- rN+ Int+2} (You found it on level 9 of the Dungeon)
  3469 | D:9      | Reached skill level 3 in Dodging
  3473 | D:9      | Found an ancient bone altar of Kikubaaqudgha.
  3601 | D:10     | Reached skill level 7 in Shields
  3672 | D:10     | Reached ** piety under Cheibriados
  3702 | D:10     | Reached skill level 4 in Dodging
  3712 | D:10     | Reached skill level 5 in Fighting
  3821 | D:12     | Found a radiant altar of Vehumet.
  3821 | D:12     | Noticed an oklob plant
  3888 | D:11     | Noticed a troll
  3899 | D:11     | Killed a troll
  3953 | D:11     | Reached XP level 10. HP: 66/66 MP: 15/15
  3972 | D:11     | Noticed Psyche
  3974 | D:11     | Noticed a hill giant
  3991 | D:11     | Killed a hill giant
  3991 | D:11     | Reached skill level 10 in Long Blades
  4011 | D:11     | Found Deheh's Demolitions Depot.
  4014 | D:11     | Noticed Nergalle
  4018 | D:11     | Reached skill level 5 in Dodging
  4055 | D:11     | Killed Nergalle
  4065 | D:11     | Reached skill level 6 in Fighting
  4246 | D:12     | Reached skill level 8 in Shields
  4344 | D:12     | Found a staircase to the Orcish Mines.
  4355 | Orc:1    | Entered Level 1 of the Orcish Mines
  4361 | Orc:2    | Entered Level 2 of the Orcish Mines
  4522 | Orc:2    | Reached skill level 2 in Evocations
  4580 | Orc:2    | Noticed an orc sorcerer
  4583 | Orc:2    | Found a staircase to the Elven Halls.
  4589 | Orc:2    | Killed an orc sorcerer
  4589 | Orc:2    | Reached skill level 3 in Evocations
  4644 | Orc:2    | Reached skill level 4 in Evocations
  4709 | Orc:1    | Noticed an orc sorcerer
  4720 | Orc:1    | Killed an orc sorcerer
  4720 | Orc:1    | Reached skill level 5 in Evocations
  4751 | Orc:1    | Noticed Urug
  4809 | Orc:1    | Killed Urug
  4809 | Orc:1    | Reached XP level 11. HP: 58/73 MP: 6/16
  4842 | Orc:1    | Reached skill level 6 in Evocations
  4848 | Orc:1    | Reached skill level 6 in Dodging
  5050 | Orc:2    | Noticed an orc sorcerer
  5074 | Orc:2    | Slain by an ice devil

Skill      XL: |  1  2  3  4  5  6  7  8  9 10 11 |
---------------+----------------------------------+-----
Dodging        | 2 4 5 6 |  6.1
Fighting       | 4 5 6 |  6.5
Long Blades    | 3 5 7 9 10 | 10.7
Shields        | 1 5 7 8 |  8.1
Invocations    | 4 6 |  6.6
Evocations     | 5 6 |  6.0
Short Blades   | |  1.2
Maces & Flails | |  1.0
Armour         | |  1.7
Stealth        | |  1.1

Action                   |  1- 3 |  4- 6 |  7- 9 | 10-12 || total
-------------------------+-------+-------+-------+-------++-------
Melee: Short sword       |    78 |     6 |       |       ||    84
       Long sword        |       |   120 |   453 |   288 ||   861
 Fire: Hand crossbow     |    52 |    35 |     2 |       ||    89
Throw: Stone             |       |     2 |       |       ||     2
       Tomahawk          |       |       |    15 |    20 ||    35
       Throwing net      |       |       |     5 |       ||     5
Invok: Bend Time         |       |       |    17 |    21 ||    38
Evoke: Wand              |       |     3 |     8 |     7 ||    18
  Use: Potion            |     1 |     2 |     5 |     2 ||    10
       Scroll            |       |     4 |     8 |     4 ||    16
 Stab: Held in net/web   |       |       |     2 |       ||     2
       Sleeping          |       |       |     1 |     1 ||     2
       Distracted        |       |       |     1 |     1 ||     2
       Paralysed         |       |       |       |    11 ||    11
  Eat: Chunk             |       |     3 |     5 |     4 ||    12
       Beef jerky        |       |       |     1 |       ||     1
Armor: Robe              |    34 |     8 |       |       ||    42
       Ring mail         |       |    52 |   150 |    37 ||   239
       Skin              |       |    95 |    51 |    11 ||   157
       Troll leather arm |       |       |       |    32 ||    32
Dodge: Dodged            |    78 |   102 |   171 |    98 ||   449
Block: Shield            |       |       |   198 |   148 ||   346
       Rpst.: Long sword |       |    26 |    65 |    22 ||   113

Table legend:
 A = Turns spent in this place as a percentage of turns spent in the entire game.
 B = Non-inter-level travel turns spent in this place as a percentage of non-inter-level travel turns spent in the entire game.
 C = Inter-level travel turns spent in this place as a percentage of turns spent in this place.
 D = Turns resting spent in this place as a percentage of non-inter-level travel turns spent in this place.
 E = Turns spent auto-exploring this place as a percentage of non-inter-level travel turns spent in this place.
 F = Non-inter-level travel turns spent in this place divided by the number of levels of this place that you've seen.
                   A       B       C       D       E      F
               +-------+-------+-------+-------+-------+----------------------
         Total | 100.0 | 100.0 |   0.0 |   0.0 |   0.0 | 330.3
       Dungeon |  85.2 |  85.2 |   0.0 |   0.0 |   0.0 | 324.6
  Orcish Mines |  14.8 |  14.8 |   0.0 |   0.0 |   0.0 | 367.5
               +-------+-------+-------+-------+-------+----------------------

Table legend:
 A = Kills in this place as a percentage of kills in entire the game.
 B = Kills by you in this place as a percentage of kills by you in the entire game.
 C = Kills by friends in this place as a percentage of kills by friends in the entire game.
 D = Other kills in this place as a percentage of other kills in the entire game.
 E = Experience gained in this place as a percentage of experience gained in the entire game.
 F = Experience gained in this place divided by the number of levels of this place that you have seen.
                   A       B       C       D       E      F
               +-------+-------+-------+-------+-------+----------------------
         Total | 100.0 | 100.0 |  -nan |  -nan | 100.0 | 808.0
       Dungeon |  84.9 |  84.9 |  -nan |  -nan |  70.5 | 657.5
  Orcish Mines |  15.1 |  15.1 |  -nan |  -nan |  29.5 | 1786.5
               +-------+-------+-------+-------+-------+----------------------

Vault maps used:
D:1:      lemuel_arrival_cross
D:2:      minitemple, first_bread
D:3:      kennysheep_goblin_castle, ecumenical_altar_1,
          nicolae_underground_beach
D:4:      minmay_diamond_boxcup
D:5:      nemelex_xobeh_ov_fountains_minmay
D:6:      temple_hall, cheibriados_altar_1, uniq_eustachio
D:7:      chequers_temple_overflow_minitemple, grunt_ogre_cave,
          uniq_crazy_yiuf_cottage
D:8:      nicolae_overflow_hidden_temple, erik_lair_island
D:9:      kennysheep_little_box
D:11:     nicolae_blasting_shop, uniq_nergalle, uniq_psyche
D:12:     orc_0_dummy, lemuel_oklob_altar, uniq_azrael
D:13:     hangedman_vaults_entry_quadrant_bands, minmay_statues_item,
          nicolae_dithmenos_through_a_glass_darkly, uniq_nessos
Orc:1:    basic_altar, serial_shops, shop, nicolae_orc_lava_tube, mines2_david,
          uniq_urug
Orc:2:    st_orc_mages, special_room, uniq_maurice
